[Event "Early-Titled-Tuesday-Blitz-April-02-2024"]
[Site "Chess.com"]
[Date "2024.04.02"]
[Round "11"]
[White "rachidhuilda"]
[Black "BestestBP"]
[Result "1-0"]
[WhiteElo "2317"]
[BlackElo "2204"]
[TimeControl "180+1"]
[EndTime "10:07:52 PDT"]
[Termination "rachidhuilda won by checkmate"]

1. d4 Nf6 2. Bg5 d5 3. Bxf6 gxf6 4. c4 c6 5. Nc3 Bf5 6. Qb3 dxc4 7. Qxb7 Nd7 8. Qxc6 Rc8 9. Qf3 Bg6 10. h4 h5 11. Nh3 e5 12. e3 Nb6 13. Rd1 Qe7 14. a3 Bg7 15. Be2 O-O 16. O-O f5 17.
dxe5 Qxh4 18. Nf4 Bxe5 19. g3 Qg5 20. Nxh5 Kh7 21. Kg2 Rh8 22. Rh1 Kg8 23. Nf4 Kg7 24. Qb7 Rc7 25. Qf3 Rcc8 26. Ncd5 Nd7 27. Nc3 Nc5 28.
Rd5 Bxc3 29. bxc3 Ne4 30. Rd7 Rxh1 31. Ne6+ Kf6 32. Nxg5 Kxg5 33. Kxh1 Rh8+ 34. Kg2 Kf6 35. Qf4 Kg7 36. Rd6 Nf6 37. Qe5 Bh5 38. Qxf6+ Kh7 39.
Qxf5+ Bg6 40. Qf6 Kg8 41. Bxc4 Rh4 42. Qxg6+ Kh8 43. Rd8# 1-0

[Event "Early-Titled-Tuesday-Blitz-April-02-2024"]
[Site "Chess.com"]
[Date "2024.04.02"]
[Round "11"]
[White "jumpingknight20"]
[Black "MatthewG-p4p"]
[Result "1-0"]
[WhiteElo "2726"]
[BlackElo "2850"]
[TimeControl "180+1"]
[EndTime "10:07:54 PDT"]
[Termination "jumpingknight20 won by resignation"]

1. e4 e6 2. d4 d5 3. Nd2 a6 4. Bd3 c5 5. dxc5 Nf6 6. Ngf3 dxe4 7. Nxe4 Nxe4 8. Bxe4 Qxd1+ 9. Kxd1 Bxc5 10. Ke2 Nd7 11. Be3 Bxe3 12. Kxe3 Nc5 13. Rhd1 Nxe4 14. Kxe4 b5 15.
a4 Bb7+ 16. Ke3 b4 17. a5 Rc8 18. Ra4 Rxc2 19. Rxb4 Rc7 20. Ne5 Ke7 21. Rd7+ Rxd7 22. Nxd7 Bxg2 23. Nc5 Rc8 24. Nxa6 Ra8 25. Rb6 Bf1 26. Nb4 Kd7 27. a6 Kc7 28. Rb7+ Kd6 29. a7 f5 30. Rxg7 h5 31. h4 e5 32. f4 Kc5 33.
Nc2 exf4+ 34. Kxf4 Kb6 35. Ne3 Bd3 36. Nxf5 Rf8 37.
Rf7 Ra8 38. Ne3 Bb1 39. Nd5+ Kc6 40. Ke5 Re8+ 41. Re7 Rd8 42. Nc7 1-0

[Event "Early-Titled-Tuesday-Blitz-April-02-2024"]
[Site "Chess.com"]
[Date "2024.04.02"]
[Round "11"]
[White "Chessexplained"]
[Black "lamomiajunior"]
[Result "1/2-1/2"]
[WhiteElo "2569"]
[BlackElo "2700"]
[TimeControl "180+1"]
[EndTime "10:07:55 PDT"]
[Termination "Game drawn by repetition"]

1. d4 Nf6 2. g3 d5 3. Nf3 Bf5 4. c4 e6 5. Nc3 c6 6. Qb3 Qb6 7.
c5 Qxb3 8. axb3 h6 9. b4 Be7 10. Bf4 O-O 11. h3 a6 12. g4 Bh7 13. e3 Nbd7 14.
Nd2 Rfe8 15. Bg3 Bd8 16. f4 Bc7 17. Nb3 Ne4 18. Nxe4 Bxe4 19. Rg1 f6 20. Kd2 g5 21.
Na5 Bxa5 22. bxa5 e5 23. fxe5 fxe5 24. Be2 Kf7 25. Raf1+ Ke6 26. Rf2 Rf8 27. Rgf1 Rxf2 28. Rxf2 exd4 29. exd4 Bg6 30. Bd6 Nf6 31. Bf3 Be4 32. Be5 Nd7 33. Bxe4 dxe4 34. Bg7 Rg8 35. Bxh6 Rh8 36. Bxg5 Rxh3 37. Rf5 Rd3+ 38. Ke2 Rxd4 39. Bd2 Rd3 40. Bc3 Rg3 41. Rf4 Nxc5 42. Rf6+ Kd5 43. Rf5+ Kc4 44. g5 Na4 45. Bf6 Nc5 46. Re5 Nd7 47.
Re7 Nc5 48. Re5 Rg4 49. Ke3 Rg3+ 50. Ke2 1/2-1/2

[Event "Early-Titled-Tuesday-Blitz-April-02-2024"]
[Site "Chess.com"]
[Date "2024.04.02"]
[Round "11"]
[White "gorgeous1083"]
[Black "santosalberto1987"]
[Result "0-1"]
[WhiteElo "2244"]
[BlackElo "2490"]
[TimeControl "180+1"]
[EndTime "10:07:56 PDT"]
[Termination "santosalberto1987 won on time"]

1. d4 Nf6 2. c4 d6 3. Nf3 g6 4. Nc3 Bf5 5. e3 Bg7 6. Bd3 Bxd3 7. Qxd3 O-O 8. O-O Nc6 9. e4 e5 10. d5 Ne7 11. b4 a5 12. Rb1 axb4 13. Rxb4 b6 14.
Be3 Nd7 15. a4 f5 16. exf5 gxf5 17. Bg5 e4 18. Nxe4 fxe4 19. Qxe4 Re8 20. Qe6+ Kh8 21. Re1 Ne5 22. Nxe5 dxe5 23. Rxe5 Qd6 24. Qxd6 cxd6 25. Rxe7 Rxe7 26. Bxe7 Re8 27. Rxb6 Rxe7 28. Rb8+ Bf8 29. Kf1 Kg7 30. Ra8 Rc7 31. a5 Rxc4 32. a6 Ra4 33. a7 Be7 34. f3 Bf6 35. Rd8 Rxa7 36. Rxd6 Ra2 37. Rc6 Rd2 38. Ke1 Rxd5 39. Kf2 Ra5 40. Rb6 Kg6 41. Kg3 h5 42. h3 Kf5 43. Rc6 h4+ 44. Kf2 Bd4+ 45. Kf1 Ra2 46. Rc4 Ke5 47. Rb4 Rf2+ 48. Kg1 Rb2+ 49. Rxd4 Kxd4 0-1

[Event "Early-Titled-Tuesday-Blitz-April-02-2024"]
[Site "Chess.com"]
[Date "2024.04.02"]
[Round "11"]
[White "Ralf61"]
[Black "MNyuyu"]
[Result "1-0"]
[WhiteElo "2514"]
[BlackElo "2384"]
[TimeControl "180+1"]
[EndTime "10:07:56 PDT"]
[Termination "Ralf61 won by checkmate"]

1. Nf3 d5 2. d4 e6 3. c4 Nf6 4.
Nc3 Be7 5. Bf4 O-O 6. e3 b6 7. cxd5 Nxd5 8. Nxd5 Qxd5 9. Bd3 Bb4+ 10. Ke2 Ba6 11.
Bxa6 Nxa6 12. Qd3 Qb7 13. Ng5 g6 14. h4 Bd6 15. Bxd6 cxd6 16. h5 Nb4 17. Qb5 Qd5 18.
Qxd5 Nxd5 19. Rac1 Rfc8 20. Ne4 Nb4 21. a3 d5 22. Nd6 Rd8 23. Nxf7 Kxf7 24. hxg6+ Kxg6 25. axb4 Rac8 26. b5 Rc4 27. Rxc4 dxc4 28. Rc1 Rd5 29. Rxc4 Rxb5 30. Rc2 Rb3 31. Kf3 a5 32. Ke4 Kf6 33. f4 b5 34. g4 h6 35. Rc6 Ke7 36. Rc2 Kd6 37. Rh2 a4 38. Rxh6 Rxb2 39. f5 a3 40. Rxe6+ Kd7 41. Ra6 b4 42. f6 a2 43. g5 b3 44. g6 Rg2 45. g7 Ke8 46. Ra7 a1=Q 47. f7+ Kd8 48. f8=Q# 1-0

[Event "Early-Titled-Tuesday-Blitz-April-02-2024"]
[Site "Chess.com"]
[Date "2024.04.02"]
[Round "11"]
[White "Barmen_EV"]
[Black "Korchmar_Vasiliy"]
[Result "0-1"]
[WhiteElo "2574"]
[BlackElo "2736"]
[TimeControl "180+1"]
[EndTime "10:07:58 PDT"]
[Termination "Korchmar_Vasiliy won by checkmate"]

1. e4 c5 2. c3 d5 3. exd5 Nf6 4. d4 Nxd5 5. Nf3 e6 6. Bd3 Nc6 7. O-O cxd4 8. cxd4 Be7 9. Nc3 O-O 10. Re1 Bf6 11.
a3 g6 12. Bh6 Re8 13. Qd2 Nxc3 14. bxc3 Ne7 15. Rad1 Nf5 16. Bf4 Bd7 17. Ne5 Ba4 18. Bc2 Bxc2 19. Qxc2 Rc8 20. Qe4 Qd5 21. Qd3 Qb3 22. Rb1 Qxc3 23. Qxc3 Rxc3 24. Rxb7 Rxa3 25. Nxf7 Bxd4 26. g4 Nh4 27. Nh6+ Kh8 28. Nf7+ Kg8 29. Nh6+ Kh8 30. Rc1 Rf8 31. h3 Nf3+ 32. Kh1 Bb6 33.
Rd1 Rxf4 34. Nf7+ Kg7 35. Ne5+ Kh6 36. Nf7+ Kg7 37. Ne5+ Kf6 38. Nd7+ Kg5 39. Ne5 Nxe5 40. h4+ Kxg4 41. Rxh7 Rh3+ 42. Kg2 Rxf2+ 43. Kg1 Nf3# 0-1

[Event "Early-Titled-Tuesday-Blitz-April-02-2024"]
[Site "Chess.com"]
[Date "2024.04.02"]
[Round "11"]
[White "Midgardsormur"]
[Black "MikeSailer"]
[Result "0-1"]
[WhiteElo "2448"]
[BlackElo "2196"]
[TimeControl "180+1"]
[EndTime "10:07:59 PDT"]
[Termination "MikeSailer won on time"]

1. e4 d5 2. exd5 Qxd5 3. Nc3 Qd6 4. d4 c6 5. Nf3 Bg4 6. h3 Bh5 7. g4 Bg6 8. Ne5 Nd7 9. Nc4 Qc7 10. Bg2 e6 11.
Qf3 Nb6 12. Ne5 Qd8 13. Nxg6 hxg6 14. Bf4 Bd6 15. O-O-O Bxf4+ 16. Qxf4 Nf6 17. Rhe1 Qd7 18. g5 Nfd5 19. Nxd5 Nxd5 20. Qe5 Rh7 21. Kb1 O-O-O 22. a3 Qc7 23. Qe4 Nf4 24. Bf1 Rd5 25. c4 Rxg5 26. d5 c5 27. dxe6 Nxe6 28. Rd5 Rhh5 29.
Bg2 a6 30. Ka2 Kb8 31. Rxg5 Rxg5 32. Rd1 Re5 33. Qf3 Rf5 34. Qe4 Rxf2 35. Rd3 Nd4 36.
Rg3 Qb6 37. Qe8+ Ka7 0-1

[Event "Early-Titled-Tuesday-Blitz-April-02-2024"]
[Site "Chess.com"]
[Date "2024.04.02"]
[Round "11"]
[White "Kunalm64"]
[Black "viktorgen2021"]
[Result "1-0"]
[WhiteElo "2621"]
[BlackElo "2494"]
[TimeControl "180+1"]
[EndTime "10:08:00 PDT"]
[Termination "Kunalm64 won by resignation"]

1. e4 g6 2. d4 Bg7 3. Nf3 d6 4. Bc4 Nf6 5. Qe2 O-O 6. O-O c6 7. e5 Nd5 8. Nc3 Nxc3 9. bxc3 Bg4 10. h3 Bxf3 11. Qxf3 dxe5 12. dxe5 Bxe5 13. Bh6 Bg7 14. Rad1 Qa5 15. Qf4 Bxh6 16. Qxh6 Qxc3 17. Bb3 Qf6 18.
Rfe1 Na6 19. Rd7 Nc5 20. Rdxe7 Nxb3 21. cxb3 b5 22. Qc1 a5 23. a3 b4 24. a4 Rad8 25.
R1e3 Rd6 26. g3 Kg7 27. Kg2 Rfd8 28. R7e4 Rd5 29. Rf4 Qd6 30. Qb2+ Kg8 31. Rfe4 Rd4 32. Re7 c5 33. Qe2 Rd2 34. Qf3 Qd5 35. R3e4 Rd4 36.
Rxd4 Qxf3+ 37. Kxf3 Rxd4 38. Ke3 Rd1 39. Rc7 Rc1 40.
Ke4 Rc3 41. Kd5 Rxb3 42. Rxc5 Rd3+ 43. Kc6 b3 44. Rxa5 Rd2 45. Rb5 b2 46. a5 Rxf2 47.
a6 Rf6+ 48. Kb7 Rf5 49. Rxb2 1-0

[Event "Early-Titled-Tuesday-Blitz-April-02-2024"]
[Site "Chess.com"]
[Date "2024.04.02"]
[Round "11"]
[White "stolencandy13"]
[Black "VanRommel28"]
[Result "0-1"]
[WhiteElo "2662"]
[BlackElo "2537"]
[TimeControl "180+1"]
[EndTime "10:08:02 PDT"]
[Termination "VanRommel28 won by checkmate"]

1. d4 g6 2. Bf4 Bg7 3. Nc3 d6 4.
Nf3 a6 5. h4 h6 6. e4 Nd7 7. Bc4 e6 8. Bb3 b5 9. e5 d5 10. Qd2 Ne7 11. g4 Nb6 12. Ne2 Nc4 13. Qc1 c5 14. dxc5 Qc7 15. Ned4 Bb7 16. Bxc4 dxc4 17.
b4 Nc6 18. O-O O-O-O 19. c3 g5 20. hxg5 hxg5 21. Bg3 Qd7 22. Qe3 Qd5 23. Kg2 Nxe5 24. c6 Nxc6 25. Nxc6 Bxc6 26. Rad1 Qe4 27. Rfe1 Qxe3 28.
fxe3 Bxc3 29. Rxd8+ Rxd8 30. Re2 Rd2 31. Kf2 Rxe2+ 32. Kxe2 Bxf3+ 33. Kxf3 Bxb4 34. Be5 Be7 35. Ke4 Kd7 36. Bc3 f6 37. Bb2 Kc6 38. Bc3 Bd8 39.
Bb2 a5 40. Bc3 b4 41. Bb2 Kb5 42. Kd4 a4 43. Bc1 Bc7 44. Ke4 Be5 45. a3 b3 46.
Kf3 c3 47. Bb2 cxb2 48. Ke4 b1=Q+ 49. Kf3 Kc4 50. e4 Kd3 51. Kf2 Qc2+ 52. Kf3 Qe2# 0-1

[Event "Early-Titled-Tuesday-Blitz-April-02-2024"]
[Site "Chess.com"]
[Date "2024.04.02"]
[Round "11"]
[White "Alen_Yeremyann"]
[Black "MITerryble"]
[Result "0-1"]
[WhiteElo "2833"]
[BlackElo "3007"]
[TimeControl "180+1"]
[EndTime "10:08:03 PDT"]
[Termination "MITerryble won on time"]

1. e4 e6 2. Qe2 c5 3. Nc3 Nc6 4. Nf3 g6 5. e5 Qc7 6. d3 Nd4 7. Nxd4 cxd4 8. Ne4 Qxe5 9. g3 f5 10. Bf4 Qa5+ 11. Nd2 Bg7 12. Bg2 e5 13. O-O d6 14.
Nb3 Qb6 15. a4 Ne7 16. Bg5 h6 17. Bxe7 Kxe7 18. a5 Qb4 19. a6 Rb8 20. axb7 Bxb7 21. Rxa7 Kf6 22. f4 Rhe8 23. fxe5+ dxe5 24. Nd2 Re7 25. Bxb7 Rbxb7 26. Ra6+ Rb6 27. Rfa1 Kf7 28. Rxb6 Qxb6 29. Nc4 Qc6 30. b4 e4 31. b5 Qd5 32.
b6 Be5 33. Ra7 Bb8 34. Ra5 Qc6 35. Qg2 Kg7 36. Ra1 Qe6 37. Re1 h5 38. h3 Rf7 39. g4 hxg4 40. hxg4 e3 41. gxf5 Qxf5 42. Rf1 Bh2+ 43. Kxh2 Qxf1 44. Qxf1 Rxf1 45. b7 Rb1 0-1

[Event "Early-Titled-Tuesday-Blitz-April-02-2024"]
[Site "Chess.com"]
[Date "2024.04.02"]
[Round "11"]
[White "stollenmonster"]
[Black "GP9isback23"]
[Result "1/2-1/2"]
[WhiteElo "2878"]
[BlackElo "2630"]
[TimeControl "180+1"]
[EndTime "10:08:03 PDT"]
[Termination "Game drawn by repetition"]

1. e4 c5 2. Nf3 e6 3. c4 Nc6 4. d4 cxd4 5. Nxd4 Nf6 6. Nc3 Bb4 7. Nxc6 bxc6 8. Bd3 e5 9. O-O O-O 10. Ne2 Bc5 11.
h3 d6 12. Rb1 a5 13. b3 Be6 14. Kh2 d5 15. cxd5 cxd5 16. exd5 Nxd5 17. Bxh7+ Kxh7 18. Qc2+ Kg8 19. Qxc5 Rc8 20. Qb5 Rc2 21. Rd1 Qf6 22. Kg1 Rxa2 23. Bb2 Qf5 24. Rdc1 Qg6 25. Kh2 Nf4 26. Nxf4 exf4 27. Qe5 f3 28. gxf3 Qh6 29. Qg3 a4 30. Rg1 f6 31. bxa4 Rxa4 32. Kg2 Rh4 33.
Rh1 Rh5 34. Bc1 Qh7 35. h4 Bd5 36. Rb4 Kh8 37. Bf4 Re8 38. Rd4 Rf5 39. h5 Bf7 40. Rd7 Bxh5 41. Rh4 Rg8 42. Be3 Re5 43. Bf4 Rf5 44.
Be3 Re5 45. Bf4 Rf5 1/2-1/2

[Event "Early-Titled-Tuesday-Blitz-April-02-2024"]
[Site "Chess.com"]
[Date "2024.04.02"]
[Round "11"]
[White "PonyQueen07"]
[Black "AlainBruxelles"]
[Result "0-1"]
[WhiteElo "2170"]
[BlackElo "2312"]
[TimeControl "180+1"]
[EndTime "10:08:05 PDT"]
[Termination "AlainBruxelles won by checkmate"]

1. c4 e5 2. Nc3 Nf6 3. g3 Nc6 4. Bg2 Bb4 5. Nf3 O-O 6. O-O e4 7. Ng5 Bxc3 8. dxc3 Re8 9. f3 exf3 10. Nxf3 h6 11.
Bf4 d6 12. Nd4 Ne5 13. b3 c6 14. Nf3 Qe7 15. h3 Bf5 16. Nxe5 dxe5 17. Bxh6 Bxh3 18.
Bxg7 Nh5 19. Bxh3 Qg5 20. Rf2 Kxg7 21. Qd7 Re7 22. Qf5 Qxf5 23. Rxf5 Nf6 24. Raf1 Ne4 25. Kh2 Rh8 26. Kg2 Nxc3 27. Rg5+ Kf8 28. Bg4 Ne4 29. Rgf5 Rg8 30. Bh5 Rxg3+ 31. Kh2 Rg7 32. Bf3 Nd6 33. Rh5 f5 34. Bg2 Rh7 35. Rxh7 Rxh7+ 36. Bh3 Ke7 37.
Kg2 Kf6 38. e4 f4 39. Re1 Rg7+ 40. Kf3 Rg3+ 41. Kf2 Rxh3 42. Rg1 Rh2+ 43. Kf3 Rh3+ 44. Kg4 Rg3+ 45. Rxg3 fxg3 46. Kxg3 Nxe4+ 47. Kf3 Nc3 48.
Ke3 Nxa2 49. Ke4 Nc1 50. Ke3 Nxb3 51. Ke4 Nc5+ 52. Ke3 a5 53. Kf3 a4 54. Ke3 a3 55.
Kf3 a2 56. Ke3 a1=Q 57. Kf3 Qc3+ 58. Kg4 Ne4 59. Kh5 Qh3# 0-1

[Event "Early-Titled-Tuesday-Blitz-April-02-2024"]
[Site "Chess.com"]
[Date "2024.04.02"]
[Round "11"]
[White "Fengwi"]
[Black "rionelG"]
[Result "1-0"]
[WhiteElo "2410"]
[BlackElo "2219"]
[TimeControl "180+1"]
[EndTime "10:08:06 PDT"]
[Termination "Fengwi won by checkmate"]

1. Nf3 c5 2. b3 Nc6 3. Bb2 Nf6 4. c4 g6 5. g3 Bg7 6. Bg2 O-O 7. O-O e6 8. d4 cxd4 9. Nxd4 d5 10. cxd5 Nxd5 11. Nxc6 bxc6 12. Bxg7 Kxg7 13. Qd4+ Qf6 14. Qxf6+ Kxf6 15.
Nd2 Ba6 16. Rfe1 Rfd8 17. Ne4+ Ke7 18. Rac1 Rac8 19. Nc5 Nc7 20. Bxc6 Rd2 21. Bf3 Rdd8 22. b4 Bb5 23. a4 Be8 24. b5 Nd5 25. Nb7 Rxc1 26.
Rxc1 Rd7 27. Na5 Nb6 28. Nc6+ Kf8 29. a5 Na4 30. Ra1 Nc3 31. b6 axb6 32. a6 Rd2 33. a7 Nxe2+ 34. Kg2 Bxc6 35. Bxc6 Nd4 36. a8=Q+ Kg7 37.
Bf3 Nf5 38. Qe4 Rd6 39. Ra7 Kf6 40. h4 Rd2 41. Qf4 Rb2 42. g4 e5 43. Qg5+ Ke6 44. gxf5+ gxf5 45. Qe7# 1-0

[Event "Early-Titled-Tuesday-Blitz-April-02-2024"]
[Site "Chess.com"]
[Date "2024.04.02"]
[Round "11"]
[White "ccccvhhhj"]
[Black "DanielSaiz01"]
[Result "0-1"]
[WhiteElo "2423"]
[BlackElo "2305"]
[TimeControl "180+1"]
[EndTime "10:08:08 PDT"]
[Termination "DanielSaiz01 won by resignation"]

1. e4 c5 2. Nf3 e6 3. b4 cxb4 4. a3 Nf6 5. e5 Nd5 6. axb4 d6 7.
c4 Nxb4 8. d4 d5 9. c5 Be7 10.
Be2 O-O 11. O-O b6 12. cxb6 Qxb6 13. Nc3 Bd7 14. Rb1 a5 15. h4 Rc8 16. Na4 Bxa4 17.
Qxa4 N8c6 18. Be3 Qd8 19. h5 h6 20. Bb5 Na7 21. Be2 Nc2 22. Bf4 Bb4 23. Rfc1 Na3 24. Rxc8 Rxc8 25. Ra1 Nc4 26. Qd1 Nb5 27. Bd3 Bc3 28.
Rb1 Nxd4 29. Rb7 Nxf3+ 30. Qxf3 Bxe5 31. Bxh6 Qf6 32. Qxf6 Bxf6 33. Bc1 Ne5 34. Be3 Nxd3 35. Ra7 Bc3 36. g4 d4 37. Bg5 Ne5 38. Be7 Nf3+ 39.
Kg2 Nd2 40. g5 Nc4 41. h6 gxh6 42. gxh6 Kh7 43. Bg5 Kg6 44. Bf4 d3 45. Kf3 d2 46.
Ke2 Rd8 47. Bxd2 Nxd2 48. Rc7 Bb4 49. Ra7 Kxh6 50. Ra6 Kg6 51. f3 Kf6 52. Ke3 Nb3 53. Ke4 Nc5+ 54. Ke3 Nxa6 0-1

[Event "Early-Titled-Tuesday-Blitz-April-02-2024"]
[Site "Chess.com"]
[Date "2024.04.02"]
[Round "11"]
[White "vladgoncharov"]
[Black "robertoalejandro10"]
[Result "0-1"]
[WhiteElo "2566"]
[BlackElo "2492"]
[TimeControl "180+1"]
[EndTime "10:08:09 PDT"]
[Termination "robertoalejandro10 won on time"]

1. d4 Nf6 2. c4 c5 3. d5 e6 4.
Nc3 exd5 5. cxd5 d6 6. Nf3 g6 7. Bf4 Bg7 8. h3 O-O 9. e3 Na6 10. Be2 Nc7 11. a4 Re8 12. O-O b6 13. Bg5 Rb8 14.
Bb5 Bd7 15. Qd3 Qc8 16. Bxd7 Nxd7 17. Nd2 Ne5 18. Qc2 a6 19. Bf4 b5 20. axb5 axb5 21. Nde4 Qd7 22. Bg5 b4 23. Ne2 b3 24. Qd1 Nc4 25.
Nf6+ Bxf6 26. Bxf6 Qf5 27. Bc3 Nxd5 28. g4 Nxc3 29. Nxc3 Qe5 30. Rb1 Nxb2 31. Qd2 Nc4 32. Qd3 d5 33. Nxd5 Red8 34. e4 Nd6 35. Rfe1 Kh8 36.
f4 Qd4+ 37. Qxd4+ cxd4 38. Nf6 b2 39. Re2 Nc4 40. Kf2 d3 41. Ree1 d2 42. Red1 Na3 43.
Nd5 Nxb1 44. Rxb1 Kg8 45. Rd1 b1=Q 46. Rxd2 Rb2 0-1

[Event "Early-Titled-Tuesday-Blitz-April-02-2024"]
[Site "Chess.com"]
[Date "2024.04.02"]
[Round "11"]
[White "Revan_2002"]
[Black "rezamahdavi2008"]
[Result "1-0"]
[WhiteElo "2754"]
[BlackElo "2895"]
[TimeControl "180+1"]
[EndTime "10:08:10 PDT"]
[Termination "Revan_2002 won by resignation"]

1. d4 Nf6 2. c4 e6 3. Nf3 d5 4. Nc3 Bb4 5. Bg5 Nbd7 6. e3 c5 7. cxd5 exd5 8. Bd3 c4 9. Bf5 h6 10. Bh4 Nb6 11. Bxc8 Rxc8 12. O-O O-O 13. Ne5 Be7 14. f4 Ne8 15. Bxe7 Qxe7 16. Qg4 f5 17. Qf3 Qe6 18. a4 a5 19. Kh1 Nd6 20. Rg1 Ne4 21. g4 Rc7 22.
gxf5 Qxf5 23. Nxe4 dxe4 24. Qe2 Nd5 25. Rg3 Rfc8 26. Rag1 Kh7 27. Qd2 c3 28. bxc3 Nxc3 29. d5 g5 30. d6 Rd8 31. fxg5 h5 32. g6+ Kg8 33. Rg5 Qe6 34. g7 Rxd6 35. Rxh5 Rxg7 36. Rxg7+ Kxg7 37. Qg2+ Qg6 38. Qxg6+ Rxg6 39. Nxg6 Kxg6 40. Rxa5 Kf6 41. Ra7 Nd1 42. Rxb7 Nxe3 43. a5 Nd5 44. a6 e3 45. a7 e2 46. Rb1 Nc7 47. Re1 1-0

[Event "Early-Titled-Tuesday-Blitz-April-02-2024"]
[Site "Chess.com"]
[Date "2024.04.02"]
[Round "11"]
[White "ladytitan"]
[Black "Escudito"]
[Result "0-1"]
[WhiteElo "2219"]
[BlackElo "2373"]
[TimeControl "180+1"]
[EndTime "10:08:10 PDT"]
[Termination "Escudito won by checkmate"]

1. d4 d5 2. c4 e6 3. Nf3 c5 4.
cxd5 exd5 5. g3 Nc6 6. Bg2 Nf6 7. O-O Be7 8. Nc3 O-O 9. Bf4 c4 10. Nb5 a6 11. Nc7 Ra7 12. b3 Bd6 13. Nxd5 Nxd5 14. Bxd6 Qxd6 15. bxc4 Nf6 16. d5 Ne5 17. Qd4 Nxf3+ 18.
Bxf3 b6 19. e4 Re8 20. Rfe1 Nd7 21. Bg2 f6 22. Kh1 Qc5 23. Qb2 Qxc4 24. Rac1 Qb5 25. Qd4 Nc5 26. Rb1 Qa5 27. Rec1 Rae7 28. f3 h6 29. Bf1 Qxa2 30. d6 Rd7 31. Bc4+ Qxc4 32. Rxc4 Kh7 33. Rxb6 Ne6 34. Qd3 a5 35. e5+ Kh8 36.
exf6 gxf6 37. Rb5 Ba6 38. Rxa5 Bxc4 39. Qxc4 Rxd6 40. Qc3 Kg7 41. Ra7+ Kg6 42. Qc2+ f5 43. Qc3 Red8 44. Kg2 Rd2+ 45. Kh3 Ng5+ 46. Kh4 Rxh2# 0-1

[Event "Early-Titled-Tuesday-Blitz-April-02-2024"]
[Site "Chess.com"]
[Date "2024.04.02"]
[Round "11"]
[White "djokovic74"]
[Black "viviania"]
[Result "1-0"]
[WhiteElo "2793"]
[BlackElo "2901"]
[TimeControl "180+1"]
[EndTime "10:08:12 PDT"]
[Termination "djokovic74 won on time"]

1. e4 c5 2. Nf3 Nc6 3. d4 cxd4 4. Nxd4 Qb6 5. Nb3 e6 6. Be3 Qc7 7. a3 Nf6 8. Nc3 a6 9. f4 d6 10. g4 b5 11. g5 Nd7 12. Qh5 g6 13. Qe2 Bg7 14.
Bg2 Nb6 15. O-O Nc4 16. Bc1 Bb7 17. f5 Be5 18. Kh1 O-O 19. f6 Rfc8 20. Qg4 h5 21.
Qh3 Kf8 22. Bf3 Ke8 23. Bxh5 gxh5 24. g6 Bxc3 25. bxc3 N6e5 26. g7 Bxe4+ 27. Kg1 Kd7 28.
Bf4 Bxc2 29. Nd4 Bg6 30. Rad1 Qb6 31. Rf2 Rc5 32. Qg3 Rd5 33. h4 Ng4 34. Rg2 Nxf6 35.
Bg5 Ne4 36. Qf3 Rg8 37. Kh1 Rxg7 38. Rf1 Ne5 39. Qf4 Rg8 40. Bh6 Ng4 41. Rg3 Nxg3+ 42.
Qxg3 Nxh6 43. Qe3 Ng4 44. Qf4 e5 45. Qf3 1-0

[Event "Early-Titled-Tuesday-Blitz-April-02-2024"]
[Site "Chess.com"]
[Date "2024.04.02"]
[Round "11"]
[White "Harry_Rakkel"]
[Black "sathvikadiga"]
[Result "1-0"]
[WhiteElo "2735"]
[BlackElo "2574"]
[TimeControl "180+1"]
[EndTime "10:08:12 PDT"]
[Termination "Harry_Rakkel won on time"]

1. c4 Nf6 2. Nc3 g6 3. d4 d6 4.
e4 Bg7 5. f3 O-O 6. Nge2 Nc6 7.
d5 Na5 8. Ng3 c5 9. Be2 a6 10.
a4 b6 11. O-O h5 12. Bd2 e6 13.
Rb1 exd5 14. cxd5 Nd7 15. Nh1 f5 16. exf5 gxf5 17. b4 cxb4 18. Rxb4 Qc7 19. Nb1 Ne5 20. Rh4 Qf7 21. Ng3 Qxd5 22. Nxh5 Ng6 23. Rh3 Be5 24. f4 Bd4+ 25. Kh1 Bb7 26. Bf3 Qf7 27.
Bxa5 Bxf3 28. Rhxf3 Bh8 29. Bc3 Bxc3 30. Nxc3 Rae8 31.
Nd5 Re6 32. Rg3 Rfe8 33. Qa1 Kf8 34. Nhf6 Rc8 35. Rh3 Re2 36. Nh7+ Ke8 37. Rg3 Rcc2 38. Qd4 Kd7 39. Qxb6 Ke6 40. Ng5+ Kxd5 41. Nxf7 Ke4 42. Qb7+ Kd4 43. Nxd6 Kc5 44. Nxf5 Kc4 45. Qxa6+ 1-0

[Event "Early-Titled-Tuesday-Blitz-April-02-2024"]
[Site "Chess.com"]
[Date "2024.04.02"]
[Round "11"]
[White "Yushko_Olga"]
[Black "LileKoridze"]
[Result "0-1"]
[WhiteElo "2256"]
[BlackElo "2413"]
[TimeControl "180+1"]
[EndTime "10:08:13 PDT"]
[Termination "LileKoridze won by resignation"]

1. d4 Nf6 2. c4 e6 3. Nc3 Bb4 4. Bd2 O-O 5. Nf3 d5 6. e3 b6 7. cxd5 exd5 8. g3 Bb7 9. Bg2 c5 10. O-O Re8 11. a3 Bxc3 12. Bxc3 Nbd7 13. dxc5 Nxc5 14. Bxf6 Qxf6 15. Qd4 Qe7 16. Rad1 Rad8 17. b4 Ne4 18. Nd2 h6 19. Rfe1 Qe6 20. f3 Nd6 21. a4 Nf5 22. Qf4 Nxe3 23. Nb3 Nxg2 24. Kxg2 Qg6 25. Nd4 Rxe1 26. Rxe1 Bc6 27. Qc7 Re8 28. Rxe8+ Bxe8 29. Qd8 Kf8 30. Qxd5 Qf6 31. b5 Qe7 32. Nc6 Qe2+ 33. Kh3 Qf1+ 34. Kg4 h5+ 35.
Qxh5 Bd7+ 36. Kf4 Qc1+ 37. Ke4 Bxc6+ 38. bxc6 Qxc6+ 39. Qd5 Qxa4+ 40. Ke3 Qa3+ 41. Kf4 Qb4+ 42. Ke5 f6+ 43. Ke6 Qe7+ 44. Kf5 Qc5 45. Qxc5+ bxc5 46. Ke4 a5 47. Kd5 a4 48. Kc4 Ke7 49. h4 Ke6 50. g4 Ke5 51. g5 fxg5 52. hxg5 Kf4 0-1

[Event "Early-Titled-Tuesday-Blitz-April-02-2024"]
[Site "Chess.com"]
[Date "2024.04.02"]
[Round "11"]
[White "chessdjw"]
[Black "Grossboss19"]
[Result "1/2-1/2"]
[WhiteElo "2789"]
[BlackElo "2590"]
[TimeControl "180+1"]
[EndTime "10:08:15 PDT"]
[Termination "Game drawn - insufficient material"]

1. c4 Nf6 2. Nc3 e6 3. d4 d5 4. cxd5 exd5 5. Bg5 Be7 6. e3 O-O 7. Bd3 h6 8. Bh4 Re8 9. Qc2 c6 10. Nge2 Nbd7 11. h3 Nh5 12. Bxe7 Qxe7 13. g4 Nhf6 14. O-O-O b5 15. Ng3 Nb6 16. Kb1 a5 17. Rhg1 a4 18. a3 b4 19. axb4 Qxb4 20. Na2 Qb3 21. Qxb3 axb3 22. Nc1 Na4 23. Nxb3 Rb8 24. Kc2 Re7 25. Ra1 Reb7 26. Ra3 c5 27. Ba6 Rc7 28. Bxc8 cxd4+ 29. Kb1 Rcxc8 30. Rxa4 Rxb3 31. Rxd4 Rcb8 32. Rd2 d4 33. exd4 Nd5 34. Rc1 Nc3+ 35. Kc2 Na4 36. Kd1 Nxb2+ 37.
Ke2 Re8+ 38. Kf1 Nd3 39. Rcd1 Nf4 40. d5 Rd8 41. d6 Kf8 42. d7 Rb7 43. Nf5 g6 44.
Nxh6 Nxh3 45. Kg2 Nf4+ 46. Kg3 Ne6 47. f4 Nc5 48. Rd5 Ne4+ 49. Kf3 Nf6 50. R5d3 Rbxd7 51.
Rxd7 Rxd7 52. Rxd7 Nxd7 53. g5 Ke7 54. Ng4 Ke6 55. Ke4 f5+ 56. gxf6 Nxf6+ 57. Nxf6 Kxf6 58. Ke3 Kf5 59. Kf3 g5 60. fxg5 Kxg5 1/2-1/2

[Event "Early-Titled-Tuesday-Blitz-April-02-2024"]
[Site "Chess.com"]
[Date "2024.04.02"]
[Round "11"]
[White "Nf3c5"]
[Black "RobertoJBM"]
[Result "0-1"]
[WhiteElo "2609"]
[BlackElo "2793"]
[TimeControl "180+1"]
[EndTime "10:08:15 PDT"]
[Termination "RobertoJBM won on time"]

1. e4 c6 2. d4 d5 3. exd5 cxd5 4. Bd3 Nc6 5. c3 g6 6. Bf4 Bf5 7. Be2 Bh6 8. Bxh6 Nxh6 9. Nf3 Bg4 10. Nbd2 Nf5 11.
O-O O-O 12. Re1 Bxf3 13. Nxf3 e6 14. Bd3 Nd6 15. h4 Qf6 16. Qd2 Rfe8 17. Qg5 Qxg5 18. hxg5 b5 19. a3 a5 20. g4 Kg7 21. Kg2 Rec8 22. Ne5 Nxe5 23. dxe5 Nc4 24. Bxc4 Rxc4 25. f3 Rac8 26. Kg3 b4 27. cxb4 axb4 28. a4 Rc2 29.
Reb1 Re2 30. a5 Rxe5 31. a6 Ra8 32. Ra5 Re2 33. a7 Rc2 34. Rba1 Rc7 35. Kf4 f6 36. gxf6+ Kxf6 37. g5+ Ke7 38. Ke5 d4 39. Kxd4 Kd6 40. f4 Rf7 41. Ra6+ Kc7 42. Ke4 Kb7 43. R6a4 Kc6 44.
Ra6+ Kb5 45. R1a5+ Kc4 46. Rxe6 Raxa7 47. Rc6+ Kb3 48.
Rb5 Rab7 49. Rd5 Kxb2 50. Rd2+ Ka3 51. Rd3+ Ka4 52. Rd4 Rfd7 53. Rdc4 Ka3 54. Ra6+ Kb3 55. Rac6 Re7+ 56. Kf3 Rbd7 57. Rc1 Rd3+ 58. Kg4 Rc3 59. Rb1+ Kc2 0-1